 Dungeon Crawl Stone Soup version 0.31-a0-1068-g5939ac1fb6 (webtiles) character file.

Game seed: 6053531519489580882

26543 butter the Carver (level 12, -4/138 HPs)
             Began as a Demonspawn Gladiator on Nov 25, 2023.
             Was a High Priest of Okawaru.
             Slain by an orc knight
             ... wielding a +0 dire flail
              (8 damage)
             ... on level 2 of the Orcish Mines.
             The game lasted 00:31:09 (13941 turns).

butter the Carver (Demonspawn Gladiator)           Turns: 13941, Time: 00:31:13

Health: -4/138     AC: 26    Str: 16    XL:     12   Next: 99%
Magic:  0/21       EV:  2    Int: 11    God:    Okawaru [*****.]
Gold:   1393       SH: 10    Dex: 17    Spells: 18/23 levels left

rFire   + . .        s - +8 autumn katana {manifold assault}
rCold   . . .        I - +0 kite shield
rNeg    . . .        i - melded +1 plate armour
rPois   +            (helmet unavailable)
rElec   .            (cloak currently unavailable)
rCorr   .            F - melded +1 pair of gloves of Fortification {rElec rPois Dex+3}
SInv    .            r - melded +1 pair of boots
Will    .....        B - amulet of guardian spirit
Stlth   ++           g - ring of flight
HPRegen 0.43/turn    h - ring of protection from fire
MPRegen 0.17/turn

%: guardian spirit
@: tree-form
A: stationary, stasis, torment immunity, boosted hp, (antennae 3), (icy blue
scales 1), (spiny 1), demonic magic 1
a: Renounce Religion, Heroism, Finesse, Duel


You were on level 2 of the Orcish Mines.
You worshipped Okawaru.
Okawaru was extremely pleased with you.
You were a tree.
You visited 2 branches of the dungeon, and saw 14 of its levels.

You collected 1483 gold pieces.
You spent 90 gold pieces at shops.

Inventory:

Hand Weapons
 f - the +7 Throatcutter {drain, coup de grace}
   (Okawaru gifted it to you on level 11 of the Dungeon)
 p - a +0 shortbow
 s - the +8 autumn katana (weapon) {manifold assault}
   (You acquired it on level 6 of the Dungeon)
Missiles
 d - 4 throwing nets
 e - 11 javelins
 l - 10 curare-tipped darts
 C - a silver javelin (quivered)
Armour
 b - a +0 leather armour
 i - a +1 plate armour (melded)
 r - a +1 pair of boots (melded)
 F - the +1 pair of gloves of Fortification (melded) {rElec rPois Dex+3}
   (Okawaru gifted it to you on level 10 of the Dungeon)

   Dex+3:     It affects your dexterity (+3).
   rElec:     It insulates you from electricity.
   rPois:     It protects you from poison
 I - a +0 kite shield (worn)
Jewellery
 g - a ring of flight (left branch)
 h - a ring of protection from fire (right branch)
 j - an amulet of the acrobat
 m - a ring of ice
 n - a ring of ice
 B - an amulet of guardian spirit (around neck)
 E - a +6 ring of intelligence
Wands
 k - a wand of mindburst (2)
 t - a wand of flame (19)
 v - a wand of roots (5)
 y - a wand of polymorph (4)
 z - a wand of paralysis (2)
Scrolls
 a - 6 scrolls of teleportation
 c - 6 scrolls of identify
 o - 2 scrolls of amnesia
 H - a scroll of poison
Potions
 q - 2 potions of brilliance
 w - a potion of lignification
 D - a potion of magic


   Skills:
 * Level 8.1 Fighting
 * Level 12.3 Long Blades
 * Level 3.4 Ranged Weapons
 + Level 2.0 Throwing
 * Level 8.4 Armour
 * Level 6.9 Dodging
 - Level 0.4 Stealth
 * Level 5.0 Shields
 * Level 6.0 Spellcasting
 * Level 5.9 Necromancy
 - Level 1.1 Invocations
 - Level 1.8 Evocations


You had 18 spell levels left.
You knew the following spells:

 Your Spells              Type           Power      Damage    Failure   Level
a - Agony                 Necr           16%        N/A       77%         5

Your spell library contained the following spells:

 Spells                   Type           Power      Damage    Failure   Level
 Freeze                   Ice            12%        1d3       45%         1
 Sting                    Tmut/Pois      12%        1d3       45%         1
 Ensorcelled Hibernation  Hex/Ice        6%         N/A       61%         2
 Jinxbite                 Hex            6%         N/A       61%         2
 Poisonous Vapours        Pois/Air       6%         N/A       61%         2
 Dazzling Flash           Conj/Hex       6%         N/A       83%         3
 Frozen Ramparts          Ice            6%         1d1       83%         3
 Gell's Gravitas          Tloc           3%         N/A       83%         3
 Hailstorm                Conj/Ice       3%         3d3       83%         3
 Inner Flame              Hex/Fire       3%         N/A       83%         3
 Mephitic Cloud           Conj/Pois/Air  3%         N/A       83%         3
 Teleport Other           Tloc           3%         N/A       83%         3
 Anguish                  Hex/Necr       4%         N/A       83%         4
 Olgreb's Toxic Radiance  Pois           3%         N/A       99%         4
 Freezing Cloud           Conj/Ice/Air   1%         6-21      100%        5
 Lee's Rapid Deconstruct  Erth           1%         3d4*      100%        5
 Silence                  Hex/Air        1%         N/A       100%        5
 Yara's Violent Unravell  Hex/Tmut       1%         3d3       100%        5
 Dispersal                Tloc           1%         N/A       100%        6
 Enfeeble                 Hex            1%         N/A       100%        7
 Animate Armour           Summ/Erth      Unusable   N/A       N/A         4
 Summon Ice Beast         Ice/Summ       Unusable   N/A       N/A         4
 Summon Lightning Spire   Summ/Air       Unusable   N/A       N/A         4
 Simulacrum               Ice/Necr       Unusable   N/A       N/A         6

Dungeon Overview and Level Annotations

Branches:
Dungeon (12/15)            Temple (0/1) D:5            Lair (0/5) D:11
    Orc (2/2) D:9             Elf (0/3) Orc:2

Altars:
Dithmenos
Gozag
Okawaru

Shops:
D:2 [   D:6 ?[*   Orc:2 ([*

Annotations:
D:6 2 transporters
D:7 2 transporters
D:9 2 transporters, makewrite's ghost, novice TrGl


Innate Abilities, Weirdness & Mutations

You are a tree.
Your roots penetrate the ground, keeping you stationary.
You cannot be teleported.
You are immune to unholy pain and torment.
Your maximum health is greatly increased.
Your equipment is partially melded.
((You have a pair of large antennae on your head. (SInv)))
((You are partially covered in icy blue scales. (AC +2)))
((You are partially covered in sharp spines.))
Spells you cast may paralyse adjacent enemies.


Message History

The orc knight barely misses you.
The orc high priest hits you with a +0 short sword.
The orc knight is struck by your spines.
The orc knight hits you with a +0 dire flail!
You slice the orc knight!!
The orc knight is heavily wounded.
The orc warrior closely misses you.
The orc knight hits you with a +0 great sword of holy wrath.
You convulse.
The orc high priest hits you but does no damage.
The orc knight hits you with a +0 dire flail!!
Okay, then.
Okay, then.
The orc knight barely misses you.
The orc knight hits you with a +0 dire flail!
* * * LOW HITPOINT WARNING * * *
Things that are here:
a +0 dagger; a +0 robe; an orc corpse The orc high priest says, "You will make a fine sacrifice."
The orc knight is struck by your spines.
The orc knight hits you with a +0 dire flail.
* * * LOW HITPOINT WARNING * * *
You turn into a tree.
The +1 pair of gloves of Fortification {rElec rPois Dex+3} melds into your body.
Your +1 pair of boots melds into your body.
Your +1 plate armour melds into your body.
Your roots penetrate the ground.
You cannot move. (Use ctrl+direction or * direction to attack while stationary and confused.)
You cannot move. (Use ctrl+direction or * direction to attack while stationary and confused.)
You cannot move. (Use ctrl+direction or * direction to attack while stationary and confused.)
You cannot move. (Use ctrl+direction or * direction to attack while stationary and confused.) You're too confused to cast spells.
You feel less confused.
The orc knight hits you with a +0 great sword of holy wrath!
* * * LOW HITPOINT WARNING * * *
You convulse!
* * * LOW HITPOINT WARNING * * *
The orc high priest intones a terrible prayer.
The orc knight hits you with a +0 dire flail!
You die...

######.###### #.....##.
#...........### ##.#.##..
...####.####...## #####.##.
#.######..###..#...#. #
#)#...###.[##...#.... ...
#)#.....##)##........
.....#)#..)...#[##...<....
#.....o.##...)##........
#......o♣.##..###........
#.......oo..#..# #........
................# #..##....
.##.........##..# #........
..##.....##...## ##.......
∩...##.##. .∩## #.#...... ∩. ..
. ### #........ ### #........
#######################.#.#....


You could see 2 orc knights, an orc high priest (strong) and an orc warrior
(strong).

Vanquished Creatures
  Snorg (Orc:1)
  Fannar (Orc:1)
  An ogre mage (Orc:2)
  A two-headed ogre (D:12)
  2 orc high priests (Orc:2)
  Nergalle (D:12)
  The ghost of noobster the Cleaver, a novice HOFi of Beogh (D:7)
  4 orc sorcerers (Orc:2)
  2 orc knights (Orc:2)
  A cyclops (D:11)
  A manticore (D:11)
  Maurice (Orc:2)
  A gargoyle (D:12)
  3 centaur zombies (D:10)
  Psyche (D:10)
  3 centaur skeletons (D:10)
  A kobold demonologist (D:11)
  A komodo dragon (D:12)
  3 red devils (Orc:1)
  5 trolls
  2 hellwings (D:10)
  A shadow (D:10)
  4 wyverns
  14 yaks
  3 vampires
  2 wraiths
  2 steam dragons (D:8)
  4 wargs
  4 vampire mosquitoes (D:12)
  An acid dragon (D:11)
  2 water moccasins (D:6)
  22 orc warriors
  2 ice beasts
  A sky beast (D:6)
  2 black bears
  10 ogres
  4 wolves (D:11)
  7 centaurs
  A phantom (D:5)
  2 kobold brigands
  2 gnoll sergeants
  3 bullfrogs (D:6)
  3 scorpions
  6 wights
  16 killer bees
  5 electric eels
  3 howler monkeys
  A lava snake (D:8)
  10 hounds
  A jelly (D:6)
  3 gnoll boudas
  26 orc priests
  8 iguanas
  33 orc wizards
  21 gnolls
  11 adders
  4 shadow imps
  A white imp (D:7)
  2 worms
  A dart slug (D:4)
  81 orcs
  2 ball pythons
  6 bats
  4 endoplasms
  5 giant cockroaches
  6 goblins
  4 hobgoblins
  11 kobolds
  5 quokkas
  6 frilled lizards
  4 rats
419 creatures vanquished.

Notes
Turn   | Place    | Note
-------+----------+-------------------------------------------
     0 | D:1      | butter the Demonspawn Gladiator began the quest for the
                  | Orb.
     0 | D:1      | Reached XP level 1. HP: 16/16 MP: 1/1
   304 | D:1      | Gained mutation: You are partially covered in sharp spines.
                  | [demonic ancestry]
   304 | D:1      | Reached XP level 2. HP: 22/22 MP: 2/2
   774 | D:2      | Gained mutation: You have a pair of small antennae on your
                  | head. [demonic ancestry]
   774 | D:2      | Reached XP level 3. HP: 27/27 MP: 3/3
   900 | D:2      | Reached skill level 1 in Armour
  1224 | D:2      | Reached skill level 3 in Long Blades
  1264 | D:2      | Found Sosoc's Armour Boutique.
  1336 | D:2      | Found a faded altar of an unknown god.
  1344 | D:2      | Prayed at the altar of an unknown god.
  1344 | D:2      | Became a worshipper of Warmaster Okawaru
  1344 | D:2      | Reached * piety under Okawaru
  1380 | D:3      | Gained mutation: You are partially covered in icy blue
                  | scales. (AC +2) [demonic ancestry]
  1380 | D:3      | Reached XP level 4. HP: 31/34 MP: 3/5
  1981 | D:3      | Reached XP level 5. HP: 35/39 MP: 6/6
  2351 | D:4      | Noticed a black bear
  2359 | D:4      | Killed a black bear
  2360 | D:4      | Reached skill level 4 in Long Blades
  2360 | D:4      | Reached skill level 1 in Spellcasting
  2360 | D:4      | Gained mutation: Spells you cast may paralyse adjacent
                  | enemies. [demonic ancestry]
  2360 | D:4      | Reached XP level 6. HP: 45/46 MP: 7/7
  2450 | D:4      | Reached ** piety under Okawaru
  2791 | D:5      | Entered Level 5 of the Dungeon
  2799 | D:5      | Reached skill level 1 in Evocations
  2870 | D:5      | Reached XP level 7. HP: 52/52 MP: 9/9
  2986 | D:5      | Reached skill level 5 in Long Blades
  3005 | D:5      | Found a staircase to the Ecumenical Temple.
  3163 | D:5      | Reached *** piety under Okawaru
  3424 | D:5      | Reached skill level 6 in Long Blades
  3639 | D:5      | Gained mutation: You have a pair of antennae on your head.
                  | [demonic ancestry]
  3639 | D:5      | Reached XP level 8. HP: 60/60 MP: 10/10
  3680 | D:6      | Found Pyog's General Store.
  3693 | D:6      | Identified a scroll of acquirement
  3693 | D:6      | Acquired the +8 autumn katana {manifold assault}
  3693 | D:6      | Found the +8 autumn katana {manifold assault}
  3725 | D:6      | Found a shadowy altar of Dithmenos.
  3808 | D:6      | Reached skill level 7 in Long Blades
  3811 | D:6      | Reached **** piety under Okawaru
  3945 | D:6      | Reached skill level 8 in Long Blades
  3945 | D:6      | Reached XP level 9. HP: 65/65 MP: 13/13
  4123 | D:6      | Found Woullocs's Magic Scroll Shop.
  4134 | D:6      | Bought a scroll of enchant armour for 90 gold pieces
  4218 | D:6      | Reached ***** piety under Okawaru
  4263 | D:6      | Found a transporter.
  4268 | D:6      | Found Seinoff's Antique Armour Emporium.
  4292 | D:6      | Found a transporter.
  4579 | D:7      | Found a transporter.
  4757 | D:7      | Found a transporter.
  4798 | D:7      | Found a runed translucent gate.
  4811 | D:7      | Found a runed translucent gate.
  4811 | D:7      | Found a runed translucent gate.
  4815 | D:7      | Noticed noobster's ghost (novice HOFi)
  4830 | D:7      | Killed noobster's ghost
  4831 | D:7      | Reached skill level 5 in Fighting
  4831 | D:7      | Reached skill level 9 in Long Blades
  4831 | D:7      | Reached skill level 5 in Armour
  5041 | D:7      | Reached skill level 1 in Invocations
  5307 | D:8      | Learned a level 5 spell: Agony
  5336 | D:8      | Identified the +10 dagger "Esushrid" {pain, rElec}
  5693 | D:8      | Reached XP level 10. HP: 66/74 MP: 15/15
  5832 | D:8      | Found an opulent altar of Gozag.
  5951 | D:8      | Received a gift from Okawaru
  5952 | D:8      | Reached skill level 1 in Necromancy
  6225 | D:9      | Reached skill level 5 in Dodging
  6225 | D:9      | Reached skill level 1 in Shields
  6244 | D:9      | Reached skill level 10 in Long Blades
  6518 | D:9      | Found a staircase to the Orcish Mines.
  6551 | Orc:1    | Entered Level 1 of the Orcish Mines
  6551 | Orc:1    | Noticed Snorg
  7089 | D:9      | Noticed a brown ugly thing
  7094 | D:9      | Noticed makewrite's ghost (novice TrGl)
  7156 | D:9      | Found a transporter.
  7159 | D:9      | Found a transporter.
  7737 | D:9      | Received a gift from Okawaru
  7832 | D:10     | Entered Level 10 of the Dungeon
  7959 | D:10     | Reached XP level 11. HP: 81/81 MP: 17/17
  8008 | D:10     | Reached skill level 11 in Long Blades
  8258 | D:10     | Noticed Psyche
  8264 | D:10     | Killed Psyche
  8264 | D:10     | Reached ****** piety under Okawaru
  9013 | D:10     | Acquired the +1 pair of gloves of Fortification {rElec
                  | rPois Dex+3}
  9013 | D:10     | Received a gift from Okawaru
  9063 | D:11     | Received a gift from Okawaru
  9064 | D:11     | Reached skill level 5 in Spellcasting
  9064 | D:11     | Acquired the +7 Throatcutter {drain, coup de grace}
  9064 | D:11     | Received a gift from Okawaru
  9064 | D:11     | Found the +7 Throatcutter {drain, coup de grace}
  9186 | D:11     | Found a staircase to the Lair.
  9800 | D:11     | Noticed a sun demon
 10293 | D:12     | Reached skill level 1 in Ranged Weapons
 10403 | D:12     | Noticed Nergalle
 10415 | D:12     | Killed Nergalle
 10553 | D:12     | Reached skill level 5 in Necromancy
 10773 | D:12     | Gained mutation: You have a pair of large antennae on your
                  | head. (SInv) [demonic ancestry]
 10773 | D:12     | Reached XP level 12. HP: 75/91 MP: 17/19
 10863 | D:12     | Noticed a two-headed ogre
 10870 | D:12     | Killed a two-headed ogre
 10870 | D:12     | Received a gift from Okawaru
 11360 | Orc:1    | Killed Snorg
 11688 | Orc:1    | Reached skill level 12 in Long Blades
 11692 | Orc:1    | Noticed Fannar
 11906 | Orc:1    | Killed Fannar
 11928 | Orc:1    | Received a gift from Okawaru
 12507 | Orc:2    | Entered Level 2 of the Orcish Mines
 12591 | Orc:2    | Noticed an ogre mage
 12600 | Orc:2    | Paralysed by an ogre mage for 5 turns
 12605 | Orc:2    | Killed an ogre mage
 12735 | Orc:2    | Found a staircase to the Elven Halls.
 12965 | Orc:2    | Paralysed by an orc sorcerer for 5 turns
 12982 | Orc:2    | Found Veahiteq's General Store.
 12985 | Orc:2    | Noticed Maurice
 12986 | Orc:2    | Noticed an orc high priest
 12986 | Orc:2    | Noticed an orc high priest
 13005 | Orc:2    | Noticed an orc high priest
 13503 | Orc:2    | Killed an orc high priest
 13503 | Orc:2    | Received a gift from Okawaru
 13594 | Orc:2    | Killed Maurice
 13595 | Orc:2    | Killed an orc high priest
 13605 | Orc:2    | Reached skill level 5 in Shields
 13689 | Orc:2    | Found Cavveasa's Weapon Shoppe.
 13931 | Orc:2    | Found Amotocha's Antique Armour Shop.
 13941 | Orc:2    | HP: 4/138 [orc knight/+0 great sword of holy wrath (7)]
 13941 | Orc:2    | Slain by an orc knight

Illustrated notes

Levels and vault maps discovered:
D:1:      tarquinn_simple_flora_water_e, layout_loops_cross,
          grunt_decor_resistance
D:2:      layout_rooms, serial_shops, shop, dilly_ecumenical_altar_fadedgnrine
D:3:      layout_rooms
D:4:      layout_rooms
D:5:      layout_gridville, minmay_temple_entry_purple_smoke,
          chequers_serial_rivers_small_3
D:6:      wad_river_or_something, layout_basic, mainiacjoe_overflow_catwalk,
          serial_shops, nicolae_shop_trees, nicolae_shop_drivethru, shop,
          lemuel_flame_loot_1
D:7:      gammafunk_steamed_eel, layout_rooms, ebering_ghost_rock_garden
D:8:      layout_loops_ring, grunt_gozag_breadcrumbs, kennysheep_generic_room_4
D:9:      layout_grid_maze, amcnicky_altar_gilded, erik_orc_2,
          gammafunk_ghost_arena, nicolae_zen_rock_garden
D:10:     cheibrodos_grave_circle, layout_cave_pods, uniq_psyche
D:11:     layout_gridville, erik_lair_island
D:12:     layout_roguey, serial_curves, eino_curves_02, eino_curves_04,
          eino_curves_03, eino_curves_03, uniq_nergalle
Orc:1:    layout_diamond_mine, basic_altar, einodemon_armed_red_devil_minivault,
          uniq_snorg, uniq_fannar
Orc:2:    st_orc_elflike, layout_caves, mines4_lemuel, uniq_maurice

Skill      XL: |  1  2  3  4  5  6  7  8  9 10 11 12 |
---------------+-------------------------------------+-----
Throwing       | 2 |  2.0
Dodging        | 3 4 5 6 |  6.9
Armour         | 1 2 3 4 5 6 7 8 |  8.4
Long Blades    | 3 4 6 8 9 10 11 12 | 12.3
Spellcasting   | 1 2 3 4 5 6 |  6.0
Fighting       | 3 4 5 6 7 8 |  8.1
Evocations     | 1 |  1.8
Invocations    | 1 |  1.1
Necromancy     | 3 5 |  5.9
Shields        | 2 3 5 |  5.0
Ranged Weapons | 1 3 |  3.4
Stealth        | |  0.4

Action                     |  1- 3 |  4- 6 |  7- 9 | 10-12 || total
---------------------------+-------+-------+-------+-------++-------
  Melee: Long sword        |    62 |    92 |    90 |   112 ||   356
         Punch             |       |       |     2 |       ||     2
         Katana            |       |       |   176 |   578 ||   754
   Fire: Shortbow          |       |       |       |     3 ||     3
  Throw: Javelin           |       |     1 |       |     3 ||     4
 Invoke: Finesse           |       |       |     1 |     2 ||     3
         Heroism           |       |       |       |     6 ||     6
         Receive Weapon    |       |       |       |     1 ||     1
         Receive Armour    |       |       |       |     1 ||     1
  Evoke: Wand              |       |     8 |     2 |    18 ||    28
    Use: Scroll            |     5 |     6 |     8 |     9 ||    28
         Potion            |       |     4 |       |    10 ||    14
   Stab: Distracted        |     1 |       |       |       ||     1
         Invisible         |       |     1 |       |     5 ||     6
 Armour: Leather armour    |    30 |    34 |       |       ||    64
         Plate armour      |       |    63 |   189 |   667 ||   919
         Skin              |       |       |       |     2 ||     2
  Dodge: Dodged            |    46 |    50 |   108 |   180 ||   384
  Block: Buckler           |       |       |     9 |    90 ||    99
         Kite shield       |       |       |       |   213 ||   213

Table legend: (Time is in decaauts)
 A = Elapsed time spent in this place.
 B = Non-inter-level travel time spent in this place.
 C = Inter-level travel time spent in this place.
 D = Time resting spent in this place.
 E = Time spent auto-exploring this place.
 F = Levels seen in this place.
 G = Mean time per level.
                   A        B        C        D        E       F      G
               +--------+--------+--------+--------+--------+-----+--------+
         Total |  13796 |  13036 |    760 |      0 |  10371 |  14 |  985.4 |
       Dungeon |  11624 |  10932 |    692 |      0 |   8716 |  12 |  968.7 |
  Orcish Mines |   2171 |   2103 |     68 |      0 |   1655 |   2 | 1085.5 |
               +--------+--------+--------+--------+--------+-----+--------+

Top non-repeatable levels by time:
     D:9: 2114 daAuts
    D:11: 1295 daAuts
   Orc:2: 1225 daAuts
    D:10: 1160 daAuts
    D:12: 993 daAuts
   Orc:1: 946 daAuts
     D:6: 913 daAuts
     D:5: 874 daAuts
     D:2: 854 daAuts
     D:8: 837 daAuts
     D:3: 749 daAuts
     D:1: 745 daAuts
     D:7: 632 daAuts
     D:4: 454 daAuts
